SAL
CHARLESTON RIVERDOGS @ HAGERSTOWN SUNS
08/21/2108
 
TOP OF THE 1ST
Charleston RiverDogs batting - Pitching for Hagerstown Suns : RHP Alvin Janosky
Pitching: RHP Alvin Janosky
Batting: RHB Jimmy Dillard 0-0: Foul Ball, location: 9LDF
0-1: Fly out, F3 (Popup, 3L, EV 59.4 MPH)
Batting: SHB Cris Silva 0-0: Ground out 4-3 (Groundball, 4, EV 86.3 MPH)
Batting: LHB Ramiro Gutierrez 0-0: Foul Ball, location: 2F
0-1: Ball
1-1: Called Strike
1-2: Ball
2-2: Strikes out swinging
Top of the 1st over - 0 runs, 0 hits, 0 errors, 0 left on base; Charleston 0 - Hagerstown 0
BOTTOM OF THE 1ST
Hagerstown Suns batting - Pitching for Charleston RiverDogs : RHP Travis Roth
Pitching: RHP Travis Roth
Batting: SHB Brian O'Farrell 0-0: Ball
1-0: Called Strike
1-1: Ball
2-1: Foul Ball, location: 2F
2-2: Fly out, F9 (Flyball, 89S, EV 85.0 MPH)
Batting: RHB Toby Gerbino 0-0: Ball
1-0: Swinging Strike
1-1: Called Strike
1-2: SINGLE (Groundball, 6M, EV 90.6 MPH) (infield hit)
Batting: SHB Enrique Alamilla 0-0: Ball
1-0: Called Strike
Toby Gerbino steals 2nd base
1-1: Fly out, F8 (Flyball, 78D, EV 82.5 MPH)
Batting: RHB Ben Baker 0-0: Foul Ball, location: 2F
0-1: Foul Ball, location: 3F
0-2: Ball
1-2: Ball
2-2: Strikes out swinging, 2-3 out at first.
Bottom of the 1st over - 0 runs, 1 hit, 0 errors, 1 left on base; Charleston 0 - Hagerstown 0
TOP OF THE 2ND
Charleston RiverDogs batting - Pitching for Hagerstown Suns : RHP Alvin Janosky
Batting: SHB Chad Cieslak 0-0: Called Strike
0-1: Ball
1-1: Ball
2-1: Foul Ball, location: 2F
2-2: Ground out 4-3 (Groundball, 4, EV 103.1 MPH)
Batting: RHB Chris Donlon 0-0: Called Strike
0-1: Swinging Strike
0-2: Foul Ball, location: 23F
0-2: Ball
1-2: Ball
2-2: Ball
3-2: SINGLE (Groundball, 34D, EV 98.1 MPH)
Batting: RHB Abraham Mendoza 0-0: Swinging Strike
0-1: Called Strike
Chris Donlon is caught stealing 2nd base 2-4
0-2: Ball
1-2: Foul Ball, location: 2F
1-2: Ball
2-2: Ball
3-2: Strikes out swinging
Top of the 2nd over - 0 runs, 1 hit, 0 errors, 0 left on base; Charleston 0 - Hagerstown 0
BOTTOM OF THE 2ND
Hagerstown Suns batting - Pitching for Charleston RiverDogs : RHP Travis Roth
Batting: LHB Steve Cagle 0-0: Called Strike
0-1: Swinging Strike
0-2: SINGLE (Line Drive, 5D, EV 105.0 MPH)
Batting: SHB Matt Strunk 0-0: Grounds into double play, 5-4-3 (Groundball, 56, EV 88.8 MPH)
Batting: RHB Isaac Kerr 0-0: Ground out 6-3 (Groundball, 56, EV 79.4 MPH)
Bottom of the 2nd over - 0 runs, 1 hit, 0 errors, 0 left on base; Charleston 0 - Hagerstown 0
TOP OF THE 3RD
Charleston RiverDogs batting - Pitching for Hagerstown Suns : RHP Alvin Janosky
Batting: SHB Jimmy McCarter 0-0: Called Strike
0-1: Called Strike
0-2: Ball
1-2: Ball
2-2: Foul Ball, location: 2F
2-2: Strikes out swinging
Batting: RHB Jordan Matos 0-0: Called Strike
0-1: Ball
1-1: Ball
2-1: Ball
3-1: Ground out 6-3 (Groundball, 6, EV 88.8 MPH)
Batting: RHB Brian Jennings 0-0: Ball
1-0: Ball
2-0: Ball
3-0: Called Strike
3-1: Called Strike
3-2: SINGLE (Line Drive, 7S, EV 98.8 MPH)
Batting: RHB Jimmy Dillard 0-0: Foul Ball, location: 2F
0-1: Ground out 1-3 (Groundball, 34S, EV 65.6 MPH)
Top of the 3rd over - 0 runs, 1 hit, 0 errors, 1 left on base; Charleston 0 - Hagerstown 0
BOTTOM OF THE 3RD
Hagerstown Suns batting - Pitching for Charleston RiverDogs : RHP Travis Roth
Pitching: RHP Quincy Cunningham
Batting: RHB Mike Bianchi 0-0: Ball
1-0: Ball
2-0: SINGLE (Line Drive, 6D, EV 96.9 MPH)
Batting: LHB Andres Antu 0-0: Foul Ball, location: 9LDF
0-1: Foul Ball, location: 7LSF
0-2: Strikes out looking
Batting: SHB Brian O'Farrell 0-0: Ball
1-0: Foul Ball, location: 2RF
1-1: SINGLE (Groundball, 34D, EV 100.6 MPH) - runner OUT being hit by batted ball. (infield hit)
Batting: RHB Toby Gerbino 0-0: Ball
1-0: Ball
2-0: Fly out, F8 (Line Drive, 8LM, EV 92.5 MPH)
Bottom of the 3rd over - 0 runs, 2 hits, 0 errors, 1 left on base; Charleston 0 - Hagerstown 0
TOP OF THE 4TH
Charleston RiverDogs batting - Pitching for Hagerstown Suns : RHP Alvin Janosky
Batting: SHB Cris Silva 0-0: Ball
1-0: SOLO HOME RUN (Flyball, 7D, EV 97.5 MPH), Distance : 376 ft
Batting: LHB Ramiro Gutierrez 0-0: Called Strike
0-1: Ball
1-1: Ball
2-1: Swinging Strike
2-2: Foul Ball, location: 2F
2-2: Strikes out swinging
Batting: SHB Chad Cieslak 0-0: Ball
1-0: Ball
2-0: Foul Ball, location: 2F
2-1: Ball
3-1: Called Strike
3-2: SINGLE (Line Drive, 78S, EV 86.3 MPH)
Batting: RHB Chris Donlon 0-0: Fly out, F7 (Line Drive, 7D, EV 102.5 MPH)
Batting: RHB Abraham Mendoza 0-0: Ball
1-0: Called Strike
1-1: Swinging Strike
1-2: Ball
2-2: Strikes out swinging
Top of the 4th over - 1 run, 2 hits, 0 errors, 1 left on base; Charleston 1 - Hagerstown 0
BOTTOM OF THE 4TH
Hagerstown Suns batting - Pitching for Charleston RiverDogs : RHP Quincy Cunningham
Batting: SHB Enrique Alamilla 0-0: Ball
1-0: Fly out, F9 (Flyball, 9, EV 93.1 MPH)
Batting: RHB Ben Baker 0-0: Ground out U3 (Groundball, 23, EV 90.6 MPH)
Batting: LHB Steve Cagle 0-0: Ball
1-0: Swinging Strike
1-1: Ball
2-1: Ball
3-1: Fly out, F7 (Line Drive, 7, EV 92.5 MPH)
Bottom of the 4th over - 0 runs, 0 hits, 0 errors, 0 left on base; Charleston 1 - Hagerstown 0
TOP OF THE 5TH
Charleston RiverDogs batting - Pitching for Hagerstown Suns : RHP Alvin Janosky
Batting: SHB Jimmy McCarter 0-0: Foul Ball, location: 23F
0-1: Ball
1-1: Foul Ball, location: 2F
1-2: Ball
2-2: Strikes out swinging
Batting: RHB Jordan Matos 0-0: Ball
1-0: Called Strike
1-1: SINGLE (Groundball, 4D, EV 105.6 MPH)
Batting: RHB Brian Jennings 0-0: Called Strike
0-1: Swinging Strike
0-2: Strikes out looking
Batting: RHB Jimmy Dillard 0-0: Ball
1-0: Ball
2-0: Called Strike
2-1: Foul Ball, location: 5DF
2-2: SINGLE (Line Drive, 7LM, EV 96.9 MPH)
Jordan Matos to second
Batting: SHB Cris Silva 0-0: Ball
1-0: SINGLE (Groundball, 34, EV 103.1 MPH)
Jordan Matos to third
Jimmy Dillard to second
Runner from 3rd tries for Home, SAFE, throw by RF to home
Jimmy Dillard to third
Cris Silva to second
Batting: LHB Ramiro Gutierrez 0-0: Ball
1-0: Ball
2-0: Called Strike
2-1: Ball
3-1: Called Strike
3-2: SINGLE (Line Drive, 8RS, EV 98.8 MPH)
Jimmy Dillard scores
Cris Silva to third
Throwing error, E8
Cris Silva scores
Ramiro Gutierrez to second
Pitching: RHP Alex Azucena
Batting: SHB Chad Cieslak 0-0: Ball
1-0: Fly out, F8 (Flyball, 8LXD, EV 108.1 MPH)
Top of the 5th over - 3 runs, 4 hits, 1 error, 1 left on base; Charleston 4 - Hagerstown 0
BOTTOM OF THE 5TH
Hagerstown Suns batting - Pitching for Charleston RiverDogs : RHP Quincy Cunningham
Batting: SHB Matt Strunk 0-0: Ball
1-0: Ball
2-0: Called Strike
2-1: Fly out, F4 (Popup, 3S, EV 81.9 MPH)
Batting: RHB Isaac Kerr 0-0: SINGLE (Line Drive, 34, EV 100.0 MPH)
Batting: RHB Mike Bianchi 0-0: Ball
1-0: 2-RUN HOME RUN (Flyball, 78XD, EV 105.6 MPH), Distance : 409 ft
Batting: LHB Andres Antu 0-0: Foul Ball, location: 7LDF
0-1: Ball
1-1: Ground out 2-3 (Groundball, 2L, EV 68.1 MPH)
Batting: SHB Brian O'Farrell 0-0: Fly out, F4 (Line Drive, 4, EV 70.6 MPH)
Bottom of the 5th over - 2 runs, 2 hits, 0 errors, 0 left on base; Charleston 4 - Hagerstown 2
TOP OF THE 6TH
Charleston RiverDogs batting - Pitching for Hagerstown Suns : RHP Alex Azucena
Batting: RHB Chris Donlon 0-0: Called Strike
0-1: Ground out 6-3 (Groundball, 6M, EV 81.3 MPH)
Batting: RHB Abraham Mendoza 0-0: Called Strike
0-1: Ground out 4-3 (Groundball, 4, EV 106.9 MPH)
Batting: SHB Jimmy McCarter 0-0: Foul Ball, location: 3SF
0-1: Ball
1-1: Called Strike
1-2: Fly out, F7 (Flyball, 7, EV 88.8 MPH)
Top of the 6th over - 0 runs, 0 hits, 0 errors, 0 left on base; Charleston 4 - Hagerstown 2
BOTTOM OF THE 6TH
Hagerstown Suns batting - Pitching for Charleston RiverDogs : RHP Quincy Cunningham
Batting: RHB Toby Gerbino 0-0: Called Strike
0-1: Swinging Strike
0-2: Ball
1-2: Foul Ball, location: 2F
1-2: Strikes out looking
Batting: SHB Enrique Alamilla 0-0: Ball
1-0: Ball
2-0: Ball
3-0: Base on Balls
Batting: RHB Ben Baker 0-0: Ball
1-0: Called Strike
1-1: Ball
2-1: Ball
3-1: Base on Balls
Enrique Alamilla to second
Batting: LHB Steve Cagle 0-0: Foul Ball, location: 23F
0-1: Called Strike
0-2: Foul Ball, location: 5FF
0-2: Ball
1-2: Fielders Choice at 2nd, 3-6 (Groundball, 3, EV 101.3 MPH)
Enrique Alamilla to third
Batting: SHB Matt Strunk 0-0: Ball
1-0: Ball
2-0: Ball
3-0: Base on Balls
Steve Cagle to second
Batting: RHB Isaac Kerr 0-0: Called Strike
0-1: Ground out 4-3 (Groundball, 4S, EV 81.3 MPH)
Bottom of the 6th over - 0 runs, 0 hits, 0 errors, 3 left on base; Charleston 4 - Hagerstown 2
TOP OF THE 7TH
Charleston RiverDogs batting - Pitching for Hagerstown Suns : RHP Alex Azucena
Batting: RHB Jordan Matos 0-0: Called Strike
0-1: Foul Ball, location: 2F
0-2: Ball
1-2: Strikes out looking
Batting: RHB Brian Jennings 0-0: Ball
1-0: Ball
2-0: Called Strike
2-1: Called Strike
2-2: Foul Ball, location: 9LMF
2-2: Ball
3-2: Base on Balls
Batting: RHB Jimmy Dillard 0-0: Ball
1-0: Ball
2-0: Foul Ball, location: 2F
2-1: Fly out, F8 (Flyball, 8RS, EV 73.1 MPH)
Batting: SHB Cris Silva 0-0: Ball
1-0: Ball
2-0: Ball
3-0: Foul Ball, location: 2F
3-1: Swinging Strike
3-2: Foul Ball, location: 7LMF
3-2: Strikes out looking
Top of the 7th over - 0 runs, 0 hits, 0 errors, 1 left on base; Charleston 4 - Hagerstown 2
BOTTOM OF THE 7TH
Hagerstown Suns batting - Pitching for Charleston RiverDogs : RHP Quincy Cunningham
Batting: RHB Mike Bianchi 0-0: Ball
1-0: Foul Ball, location: 7LSF
1-1: Foul Ball, location: 2F
1-2: Ball
2-2: Ball
3-2: Ground out 3-1 (Groundball, 34S, EV 81.3 MPH)
Batting: LHB Andres Antu 0-0: Called Strike
0-1: SINGLE (Line Drive, 8RS, EV 91.3 MPH)
Batting: SHB Brian O'Farrell 0-0: Ball
1-0: Foul Ball, location: 5SF
1-1: Foul Ball, location: 3FF
1-2: Ball
2-2: Ground out 5-3 (Groundball, 56, EV 103.1 MPH)
Andres Antu to second
Batting: RHB Toby Gerbino 0-0: Called Strike
0-1: Ball
1-1: Ball
2-1: SINGLE (Groundball, 6D, EV 100.0 MPH)
Andres Antu to third
Batting: SHB Enrique Alamilla 0-0: Called Strike
0-1: Swinging Strike
0-2: Ball
1-2: Ball
2-2: Foul Ball, location: 2F
2-2: Ball
3-2: Ground out 4-3 (Groundball, 4, EV 86.3 MPH)
Bottom of the 7th over - 0 runs, 2 hits, 0 errors, 2 left on base; Charleston 4 - Hagerstown 2
TOP OF THE 8TH
Charleston RiverDogs batting - Pitching for Hagerstown Suns : RHP Alex Azucena
Pitching: RHP Eric Kilby
Batting: LHB Ramiro Gutierrez 0-0: Ball
1-0: Swinging Strike
1-1: Ball
2-1: Swinging Strike
2-2: Ball
3-2: Base on Balls
Batting: SHB Chad Cieslak 0-0: Swinging Strike
0-1: Called Strike
0-2: Strikes out swinging
Batting: RHB Chris Donlon 0-0: Called Strike
0-1: Ball
1-1: Foul Ball, location: 9LMF
1-2: Strikes out swinging
Batting: RHB Abraham Mendoza 0-0: Ball
1-0: Ball
2-0: Fly out, F9 (Flyball, 9LMF, EV 93.1 MPH)
Top of the 8th over - 0 runs, 0 hits, 0 errors, 1 left on base; Charleston 4 - Hagerstown 2
BOTTOM OF THE 8TH
Hagerstown Suns batting - Pitching for Charleston RiverDogs : RHP Quincy Cunningham
Pitching: RHP C.J. Gray
Batting: RHB Ben Baker 0-0: Called Strike
0-1: Foul Ball, location: 5FF
0-2: Ball
1-2: Ball
2-2: Ground out 5-3 (Groundball, 5S, EV 81.9 MPH)
Batting: LHB Steve Cagle 0-0: Ball
1-0: Called Strike
1-1: Ground out U3 (Groundball, 34, EV 105.6 MPH)
Batting: SHB Matt Strunk 0-0: Foul Ball, location: 2F
0-1: Foul Ball, location: 2F
0-2: Ball
1-2: Strikes out swinging
Bottom of the 8th over - 0 runs, 0 hits, 0 errors, 0 left on base; Charleston 4 - Hagerstown 2
TOP OF THE 9TH
Charleston RiverDogs batting - Pitching for Hagerstown Suns : RHP Eric Kilby
Batting: SHB Jimmy McCarter 0-0: Ball
1-0: Foul Ball, location: 5F
1-1: Swinging Strike
1-2: Hit by Pitch
Pinch Runner at 1st Tony Carrillo:
Batting: RHB Jordan Matos 0-0: Called Strike
Tony Carrillo is caught stealing 2nd base 2-4
0-1: Ball
1-1: Fly out, F9 (Line Drive, 9S, EV 90.0 MPH)
Batting: RHB Brian Jennings 0-0: Called Strike
0-1: Foul Ball, location: 2F
0-2: Ground out 5-3 (Groundball, 15, EV 80.6 MPH)
Top of the 9th over - 0 runs, 0 hits, 0 errors, 0 left on base; Charleston 4 - Hagerstown 2
BOTTOM OF THE 9TH
Hagerstown Suns batting - Pitching for Charleston RiverDogs : RHP C.J. Gray
Now at 3B: Andres Torres
Now in LF: Steve Reed
Batting: RHB Isaac Kerr 0-0: Called Strike
0-1: Ball
1-1: Ball
2-1: Foul Ball, location: 2F
2-2: Foul Ball, location: 2F
2-2: Ball
3-2: Ground out 5-3 (Groundball, 56S, EV 83.1 MPH)
Batting: RHB Mike Bianchi 0-0: Fly out, F6 (Popup, 15, EV 80.6 MPH)
Batting: LHB Andres Antu 0-0: Ball
1-0: Ball
2-0: Ground out 6-3 (Groundball, 56, EV 103.1 MPH)
Bottom of the 9th over - 0 runs, 0 hits, 0 errors, 0 left on base; Charleston 4 - Hagerstown 2
Wednesday, March 26th , 2025 - OOTP Baseball 25.11 Build 104